 Dungeon Crawl Stone Soup version 0.24-a0-19-g0b81bb8f68 (webtiles) character file.

Game seed: 6296520712429808345

19 Camlann the Ducker (level 2, -3/24 HPs)
             Began as a Demonspawn Monk on Feb 1, 2019.
             Slain by a gnoll
             ... wielding a +0 halberd
              (11 damage)
             ... on level 1 of the Dungeon.
             The game lasted 00:00:38 (530 turns).

Camlann the Ducker (Demonspawn Monk)                 Turns: 530, Time: 00:00:39

Health: -3/24      AC:  2    Str: 11    XL:     2   Next: 55%
Magic:  2/2        EV: 14    Int: 11    God:
Gold:   35         SH:  0    Dex: 15    Spells: 1/1 levels left

rFire    . . .     SeeInvis .     - Unarmed
rCold    . . .     Gourm    .   (no shield)
rNeg     . . .     Faith    .   a - +0 robe
rPois    .         Spirit   .   (no helmet)
rElec    .         Reflect  .   (no cloak)
rCorr    .         Harm     .   (no gloves)
MR       .....                  (no boots)
Stlth    ++........             (no amulet)
HPRegen  0.08/turn              (no ring)
MPRegen  0.08/turn              (no ring)

@: no status effects
A: powered by death 1
a: no special abilities


You were on level 1 of the Dungeon.
You were not hungry.

You visited 1 branch of the dungeon, and saw 1 of its levels.

You collected 35 gold pieces.

Inventory:

Armour
 a - a +0 robe (worn)
Comestibles
 b - 5 rations


   Skills:
 - Level 3.0 Fighting
 + Level 3.6 Dodging
 - Level 1.7 Stealth
 - Level 2.6 Unarmed Combat


You had one spell level left.
You didn't know any spells.
Your spell library was empty.

Dungeon Overview and Level Annotations

Branches:
Dungeon (1/15)

Altars:
Nemelex Xobeh


Innate Abilities, Weirdness & Mutations

You regenerate a little health from kills.


Message History

It was a scroll of remove curse.
As you read the scroll labeled FIKHLY ONUDU, it crumbles to dust.
You feel aware of your surroundings.
It was a scroll of magic mapping.
The gnoll shouts!
Drop what? 4/52 slots (_ for help) (? for menu, Esc to quit)
You remove your -3 ring of intelligence.
You feel clever.
You drop a -3 ring of intelligence.
It was a potion of cancellation.
You feel magically purged. The gnoll barely misses you.
The gnoll barely misses you.
You closely miss the gnoll. You hit the gnoll but do no damage.
The gnoll hits you with a +0 halberd!
You hit the gnoll but do no damage. The gnoll barely misses you.
You hit the gnoll. The gnoll misses you.
You closely miss the gnoll. The gnoll hits you with a +0 halberd!
You hit the gnoll. You closely miss the gnoll.
The gnoll hits you but does no damage.
You closely miss the gnoll. The gnoll hits you with a +0 halberd!
You die...

#.'....8...<#,,,*,*
#....
#.'....8....#*#.#,*
#.### #.#.........#
#.#.# #.# ###.........#
#.#.# ##### #.#
#8≈≈§≈≈≈≈8# #.#.#
##...###.# ###########
#.#.###.###.##.# *,*
#.#.##.## ##.#.# *,*
#g#.#.## ##..# *,*
#@#.#.# #..#
*,***#####.=...## ##.##
*,,,.........##.##
##.##
****############.###.##
##...## #####


You could see a gnoll.

Vanquished Creatures
  A dart slug (D:1)
  A leopard gecko (D:1)
  A giant cockroach (D:1)
  2 hobgoblins (D:1)
  3 jackals (D:1)
  2 bats (D:1)
  2 frilled lizards (D:1)
  3 goblins (D:1)
15 creatures vanquished.

Notes
Turn   | Place    | Note
-------+----------+-------------------------------------------
     0 | D:1      | Camlann the Demonspawn Monk began the quest for the Orb.
     0 | D:1      | Reached XP level 1. HP: 18/18 MP: 1/1
   178 | D:1      | Gained mutation: You regenerate a little health from kills.
                  | [demonic ancestry]
   178 | D:1      | Reached XP level 2. HP: 20/24 MP: 2/2
   461 | D:1      | Found a sparkling altar of Nemelex Xobeh.
   530 | D:1      | Slain by a gnoll

Vault maps used:
D:1:      lightli_arrival_noodles, st_stairs_4, glass_columns_a,
          nemelex_xobeh_ov_fountains_minmay

Skill      XL: |  1 |
---------------+----+-----
Dodging        | 3 |  3.6
Fighting       | |  3.0
Stealth        | |  1.7
Unarmed Combat | |  2.6

Action                   || total
-------------------------++-------
Melee: Unarmed           ||    69
  Use: Scroll            ||     3
       Potion            ||     1
 Stab: Sleeping          ||     1
Armor: Robe              ||     6
Dodge: Dodged            ||    45

Table legend:
 A = Non-vault XP
 B = Vault XP
 C = Vault XP percentage of total XP
 D = Non-vault monster count
 E = Vault monster count
 F = Vault count percentage of total count
                 A         B        C        D         E       F
            +---------+---------+-------+---------+---------+-------
      Total |      25 |       3 |  10.7 |      13 |       2 |  13.3
            +---------+---------+-------+---------+---------+-------
        D:1 |      25 |       3 |  10.7 |      13 |       2 |  13.3
            +---------+---------+-------+---------+---------+-------
